 Dungeon Crawl Stone Soup version 0.23.2-40-g277498a001 (webtiles) character file.

Game seed: 8817298262450885933

2643 Emblim88 the Cudgeler (level 9, -10/93 HPs)
             Began as a Troll Berserker on Oct 10, 2019.
             Was an Elder of Trog.
             Killed by divine providence
             ... invoked by an orc priest
              (13 damage)
             ... on level 8 of the Dungeon.
             The game lasted 00:15:19 (5747 turns).

Emblim88 the Cudgeler (Troll Berserker)             Turns: 5747, Time: 00:15:21

Health: -10/93     AC:  8    Str: 34    XL:     9   Next: 35%
Magic:  8/8        EV: 10    Int:  3    God:    Trog [****..]
Gold:   108        SH:  0    Dex:  9    Spells: 8/8 levels left

rFire    . . .     SeeInvis .   u - +0 giant club
rCold    . . .     Gourm    +   (shield currently unavailable)
rNeg     . . .     Faith    .   b - +0 animal skin
rPois    +         Spirit   .   (helmet restricted)
rElec    .         Reflect  .   (no cloak)
rCorr    .         Harm     .   (gloves unavailable)
MR       .....                  (boots unavailable)
Stlth    +.........             (no amulet)
HPRegen  0.65/turn              k - ring of poison resistance
MPRegen  0.11/turn              v - +4 ring of strength

@: berserk cooldown, starving, slowed, heavily drained, very slow
A: large, unfitting armour, claws 3, slimy green scales 1, fast metabolism 3,
gourmand, regeneration 1, shaggy fur 1, tough skin 3, sturdy frame 1
a: Berserk, Trog's Hand, Brothers in Arms, Renounce Religion


You were on level 8 of the Dungeon.
You worshipped Trog.
Trog was greatly pleased with you.
You were starving.

You visited 1 branch of the dungeon, and saw 8 of its levels.

You collected 329 gold pieces.
You spent 221 gold pieces at shops.

Inventory:

Hand Weapons
 a - a +0 mace
 j - a +0 hunting sling
 u - a +0 giant club (weapon)
 C - a +0 giant club
Missiles
 l - 208 stones (quivered)
 D - 2 throwing nets
Armour
 b - a +0 animal skin (worn)
Jewellery
 k - a ring of poison resistance (left claw)
 v - a +4 ring of strength (right claw)
Scrolls
 g - 2 scrolls of enchant weapon {unknown}
 h - 2 scrolls of remove curse
 i - a scroll of immolation
 n - 6 scrolls of teleportation
 q - a scroll of amnesia
 r - a scroll of noise
 s - 2 scrolls of magic mapping {unknown}
 y - a scroll of fog {unknown}
 E - a scroll of vulnerability {unknown}
Potions
 d - a potion of ambrosia {unknown}
 e - a potion of resistance {unknown}
 f - a potion of mutation
 o - a potion of curing
 p - 2 potions of haste
 w - a potion of lignification {unknown}
 x - a potion of cancellation {unknown}
 z - a potion of flight {unknown}
 A - a potion of might
 B - a potion of agility
Comestibles
 c - 4 rations


   Skills:
 * Level 7.2(4.6) Fighting
 * Level 7.9(5.2) Maces & Flails
 + Level 5.3(2.8) Dodging


You had 8 spell levels left.
You didn't know any spells.
Your spell library was empty.

Dungeon Overview and Level Annotations

Branches:
Dungeon (8/15)             Temple (0/1) D:4
   Lair: D:8-11

Altars:
Elyvilon
Gozag
Sif Muna

Shops:
D:4 !(=[   D:7 [

Annotations:
D:7 2 transporters, Aggronaut's ghost, novice SpEn
D:8 Prince Ribbit


Innate Abilities, Weirdness & Mutations

You are too large for most types of armour.
You have claws for hands.
Your metabolism is lightning-fast.
You like to eat raw meat.
Your natural rate of healing is unusually fast.
You are covered in fur. (AC +1)
You have extremely tough skin. (AC +3)
You are partially covered in slimy green scales. (AC +2)
Your movements are slightly less encumbered by armour. (ER -2)


Message History

You feel better.
Your skin stops crawling.
You feel less resistant to hostile enchantments.
The orc warrior hits you with a +0 glaive.
* * * LOW HITPOINT WARNING * * *
Prince Ribbit blinks! x2; The orc warrior barely misses you.
You feel better.
The orc warrior hits you with a +0 glaive.
* * * LOW HITPOINT WARNING * * *
You barely miss the orc warrior.
The orc warrior is severely wounded.
The orc warrior hits you with a +0 glaive!
* * * LOW HITPOINT WARNING * * *
You barely miss the orc warrior.
The orc warrior is severely wounded.
The orc warrior hits you with a +0 glaive!
* * * LOW HITPOINT WARNING * * *
The orc priest mumbles some strange prayers to Beogh against you.
Beogh smites you!
You die...

. .. ... ....
.....
#######oF....
#....@oo{....
#.###########
#.#<...#
#......#
########


You could see Prince Ribbit, an orc warrior, an orc priest and an orc.

Vanquished Creatures
  Harold (D:7)
  An ice beast (D:5)
  A phantom (D:4)
  2 ogres
  3 centaurs
  4 bullfrogs
  A gnoll sergeant (D:6)
  A scorpion (D:6)
  A howler monkey (D:6)
  4 wights (D:7)
  2 crimson imps
  A quasit (D:6)
  2 bullfrog zombies (D:6)
  4 bullfrog skeletons
  7 worker ants
  2 orc wizards
  A hound skeleton (D:7)
  2 worker ant zombies
  6 gnolls
  12 adders
  2 oozes
  A worm (D:2)
  4 dart slugs
  2 leopard geckos
  8 orcs
  2 ball pythons
  4 giant cockroaches
  9 goblins
  10 hobgoblins
  13 jackals
  7 kobolds
  8 quokkas
  11 bats
  6 frilled lizards
  A quokka skeleton (D:6)
  7 rats
153 creatures vanquished.

Notes
Turn   | Place    | Note
-------+----------+-------------------------------------------
     0 | D:1      | Emblim88 the Troll Berserker began the quest for the Orb.
     0 | D:1      | Reached XP level 1. HP: 22/22 MP: 0/0
   133 | D:1      | Reached XP level 2. HP: 29/29 MP: 1/1
   382 | D:1      | Reached ** piety under Trog
   587 | D:1      | Reached XP level 3. HP: 36/36 MP: 2/2
  1114 | D:2      | Reached XP level 4. HP: 45/45 MP: 3/3
  1733 | D:3      | Found an opulent altar of Gozag.
  1940 | D:3      | Reached *** piety under Trog
  2006 | D:3      | Reached XP level 5. HP: 51/53 MP: 4/4
  2359 | D:4      | Found Xikufuimo's Jewellery Shoppe.
  2382 | D:4      | Noticed a centaur
  2401 | D:4      | Killed a centaur
  2485 | D:4      | Found Elliasmo's Antique Armour Shoppe.
  2515 | D:4      | Found a staircase to the Ecumenical Temple.
  2523 | D:4      | Reached XP level 6. HP: 62/62 MP: 5/5
  2652 | D:4      | You fall through a shaft for 3 floors!
  2753 | D:6      | Reached skill level 5 in Maces & Flails
  2846 | D:6      | Reached XP level 7. HP: 53/71 MP: 6/6
  2915 | D:5      | Entered Level 5 of the Dungeon
  3055 | D:4      | Reached skill level 5 in Fighting
  3061 | D:4      | Found Laestrorgh's Antique Weapon Shop.
  3190 | D:4      | Found Siojuxto's Distillery.
  3193 | D:4      | Bought a potion of curing for 39 gold pieces
  3193 | D:4      | Bought 2 potions of curing for 78 gold pieces
  3193 | D:4      | Bought a potion of might for 52 gold pieces
  3193 | D:4      | Bought a potion of agility for 52 gold pieces
  3199 | D:4      | Gained mutation: Your movements are slightly less
                  | encumbered by armour. (ER -2) [potion of mutation]
  3199 | D:4      | Gained mutation: You are partially covered in slimy green
                  | scales. (AC +2) [potion of mutation]
  3202 | D:4      | Lost intelligence.
  3313 | D:5      | Reached **** piety under Trog
  3313 | D:5      | Reached XP level 8. HP: 63/81 MP: 7/7
  3482 | D:5      | Found a deep blue altar of Sif Muna.
  4209 | D:6      | Found a white marble altar of Elyvilon.
  4801 | D:7      | Found Xuesheip's Armour Shop.
  5089 | D:7      | Found a transporter.
  5089 | D:7      | Noticed Aggronaut's ghost (novice SpEn)
  5101 | D:7      | Found a transporter.
  5106 | D:7      | Noticed Harold
  5115 | D:7      | Killed Harold
  5115 | D:7      | Reached skill level 5 in Dodging
  5115 | D:7      | Reached XP level 9. HP: 93/93 MP: 8/8
  5217 | D:7      | HP: 4/93 [wight/+3 spear of freezing (2)]
  5723 | D:8      | Noticed Prince Ribbit
  5741 | D:8      | HP: 1/93 [orc warrior/+0 glaive (24)]
  5747 | D:8      | HP: 3/93 [orc warrior/+0 glaive (12)]
  5747 | D:8      | Killed from afar by an orc priest

Skill      XL: |  1  2  3  4  5  6  7  8 |
---------------+-------------------------+-----
Maces & Flails | 3 4 5 6 7 |  7.9
Fighting       | 3 4 5 7 |  7.2
Dodging        | 3 4 5 |  5.3

Action                   |  1- 3 |  4- 6 |  7- 9 || total
-------------------------+-------+-------+-------++-------
Melee: Mace              |   117 |   269 |   213 ||   599
       Giant club        |       |       |    71 ||    71
Invok: Berserk           |       |     2 |     8 ||    10
       Trog's Hand       |       |       |     2 ||     2
  Use: Scroll            |       |       |     8 ||     8
       Potion            |       |       |    10 ||    10
 Stab: Sleeping          |     1 |       |     1 ||     2
  Eat: Chunk             |    15 |    17 |    11 ||    43
       Ration            |       |       |     5 ||     5
Armor: Animal skin       |    58 |   134 |   134 ||   326
Dodge: Dodged            |    64 |   191 |   218 ||   473
